 Dungeon Crawl Stone Soup version 0.29.1-13-g9f3cf754e1 (webtiles) character file.

Game seed: 17432482221964900867

59 ChrisAssaf the Sneak (level 4, 2/32 HPs)
             Began as a Djinni Enchanter on Feb 2, 2023.
             Quit the game on level 4 of the Dungeon.
             The game lasted 00:07:27 (949 turns).

ChrisAssaf the Sneak (Djinni Enchanter)              Turns: 949, Time: 00:07:28

Health: 2/32       AC:  2    Str:  8    XL:     4   Next: 22%
Gold:   92         EV: 12    Int: 21    God:
                   SH:  0    Dex: 12

rFire   + + .      SeeInvis .   a - +1 dagger
rCold   x . .      Faith    .   (no shield)
rNeg    . . .      Spirit   .   b - +0 robe
rPois   ∞          Reflect  .   (no helmet)
rElec   .          Harm     .   (no cloak)
rCorr   .          Rampage  .   (no gloves)
Will    .....                   (boots unavailable)
Stlth   ++........              (no amulet)
HPRegen 0.90/turn               (no ring)
MPRegen 0.00/turn               (no ring)

@: flying
A: sickness immunity, fire resistance 2, cold vulnerability 1, float, innate
caster, HP casting, extra vitality 1, clever 1, regeneration 1, wild magic 1
a: no special abilities


You were on level 4 of the Dungeon.
You visited 1 branch of the dungeon, and saw 4 of its levels.

You collected 92 gold pieces.

Inventory:

Hand Weapons
 a - a +1 dagger (weapon)
Missiles
 d - 3 boomerangs (quivered)
Armour
 b - a +0 robe (worn)
Scrolls
 i - a scroll of fear {unknown}
Potions
 c - a potion of invisibility
 f - a potion of attraction


   Skills:
 * Level 1.1 Fighting
 * Level 1.1 Short Blades
 * Level 0.2 Throwing
 * Level 0.5 Armour
 * Level 2.5 Dodging
 * Level 3.0 Stealth
 * Level 2.8 Spellcasting


You couldn't memorise any spells.
You knew the following spells:

 Your Spells              Type           Power      Damage    Failure   Level
a - Ensorcelled Hibernat  Hex/Ice        38%        N/A       10%         2
b - Confusing Touch       Hex            19%        N/A       19%         3
c - Tukima's Dance        Hex            19%        N/A       19%         3
d - Dazzling Flash        Conj/Hex       38%        N/A       19%         3
e - Beastly Appendage     Tmut           38%        N/A       7%          1
Your spell library was empty.

Dungeon Overview and Level Annotations

Branches:
Dungeon (4/15)
 Temple: D:4-7

Altars:

Shops:
D:1 =   D:4 ==

Annotations:
D:4 Sigmund


Innate Abilities, Weirdness & Mutations

You are immune to sickness and miasma.
You are immune to poison.
Your flesh is very heat resistant. (rF++)
You are vulnerable to cold. (rC-)
You float through the air rather than walking.
You learn spells naturally, not from books.
Your magical power is your life essence.
You have superior vitality. (+4 MHP)
Your mind is acute. (Int +4, Str/Dex -1)
Your natural rate of healing is unusually fast.
Your spells are a little harder to cast, but a little more powerful.


Message History

Your horns disappear.
e - a glowing cyan potion You see here a giant cockroach corpse.
Found a ring mail and 10 gold pieces.
Found Unaynam's Jewellery Emporium.
You now have 92 gold pieces (gained 10).
There is an entrance to Unaynam's Jewellery Emporium here.
Found a stone staircase leading down.
You reach down and open the door.
Sigmund the Dreaded comes into view.
He is wielding a +0 scythe.
Sigmund shouts!
A quokka comes into view.
Sigmund gestures at you while chanting. The puff of flame hits you. You resist.
There is an open door here.
Okay, then.
Okay, then.
Sigmund hits you but does no damage.
Unknown command.
Sigmund casts a spell at you. You resist with some effort.
Sigmund casts a spell.
Sigmund flickers and vanishes!
Deactivating autopickup; reactivate with Ctrl-A.
Unknown command.
It was a potion of flight.
You feel more buoyant. Something hits you.
You miss something. You punch something. Something hits you.
You hit something but do no damage. You barely miss something.
Something hits you.
You hit something but do no damage.
You hear some strange, mumbled words.
Something tries to affect you, but you resist.
You hit something. Something hits you!
* * * LOW HITPOINT WARNING * * *
You closely miss something. You completely miss something. Something hits you.
You hit something. Something hits you!
* * * LOW HITPOINT WARNING * * *
Are you sure you want to abandon this character and quit the game? (Confirm with "yes".)

.......# ..#.....####
###...#####..........
♣ #.......+.........#
♣♣#.......#.........#
.♣#.......+.........#
♣♣#..[....#........#
♣ #....∩.##.....r..#
###......+ #{#
.........#######@#
...#.............#
##.#############.#
..# #>.. #### #####


You could see a quokka.

Vanquished Creatures
  An orc priest (D:3)
  2 dart slugs
  3 orcs (D:3)
  2 giant cockroaches
  A hobgoblin (D:2)
  4 jackals (D:2)
  2 ball pythons (D:2)
  2 frilled lizards
  4 goblins
  A kobold (D:2)
  2 rats
24 creatures vanquished.

Vanquished Creatures (others)
  An orc (D:3)
1 creature vanquished.

Grand Total: 25 creatures vanquished

Notes
Turn   | Place    | Note
-------+----------+-------------------------------------------
     0 | D:1      | ChrisAssaf the Djinni Enchanter began the quest for the
                  | Orb.
     0 | D:1      | ChrisAssaf set off with the following spells memorised:
                  | Ensorcelled Hibernation, Confusing Touch, Tukima's Dance,
                  | Dazzling Flash.
     0 | D:1      | Reached XP level 1. HP: 15/15 MP: 0/0
   312 | D:1      | Reached XP level 2. HP: 21/21 MP: 0/0
   375 | D:1      | Found Xuamou's Jewellery Boutique.
   490 | D:2      | Gained mutation: Your natural rate of healing is unusually
                  | fast. [potion of mutation]
   490 | D:2      | Gained mutation: Your spells are a little harder to cast,
                  | but a little more powerful. [potion of mutation]
   490 | D:2      | Gained mutation: Your mind is acute. (Int +4, Str/Dex -1)
                  | [potion of mutation]
   566 | D:2      | Reached skill level 1 in Short Blades
   641 | D:2      | Reached XP level 3. HP: 21/26 MP: 0/0
   641 | D:2      | Learned a level 1 spell: Beastly Appendage
   717 | D:3      | Reached XP level 4. HP: 13/31 MP: 0/0
   826 | D:3      | Reached skill level 3 in Stealth
   836 | D:4      | Found Neydemm's Jewellery Shoppe.
   867 | D:4      | Reached skill level 1 in Fighting
   894 | D:4      | Found Unaynam's Jewellery Emporium.
   930 | D:4      | Noticed Sigmund
   949 | D:4      | Quit the game

Illustrated notes

Levels and vault maps discovered:
D:1:      giann_wishing_wells, layout_basic, serial_shops, shop
D:2:      layout_loops_corners, basic_altar, chequers_ecumenical_altar_twisty,
          uniq_natasha
D:3:      layout_loops_corners, gammafunk_temple_overflow_forgotten,
          corexii_shack
D:4:      layout_basic, serial_shops, shop, shop, kennysheep_little_box,
          uniq_sigmund

Skill      XL: |  1  2  3  4 |
---------------+-------------+-----
Short Blades   | 1 |  1.1
Stealth        | 3 |  3.0
Fighting       | 1 |  1.1
Throwing       | |  0.2
Armour         | |  0.5
Dodging        | |  2.5
Spellcasting   | |  2.8

Action                   |  1- 3 |  4- 6 || total
-------------------------+-------+-------++-------
Melee: Dagger            |    35 |    19 ||    54
       Punch             |       |     1 ||     1
Throw: Boomerang         |    17 |     8 ||    25
 Cast: Ensorcelled Hiber |    22 |     7 ||    29
       Beastly Appendage |       |     1 ||     1
  Use: Scroll            |     4 |       ||     4
       Potion            |     3 |     3 ||     6
 Stab: Sleeping          |    13 |     3 ||    16
Armor: Robe              |     7 |     2 ||     9
Dodge: Dodged            |    27 |    10 ||    37
